 Dungeon Crawl Stone Soup version 0.16.0-17-g811c1d7 (webtiles) character file.

31 HungrySpirit the Charmwright (level 3, -1/28 HPs)
             Began as a Vampire Skald on Mar 20, 2015.
             Slain by Crazy Yiuf
             ... wielding a +2 quarterstaff of chaos
              (12 damage)
             ... on level 2 of the Dungeon.
             The game lasted 00:02:08 (832 turns).

HungrySpirit the Charmwright (Vampire Skald)         Turns: 832, Time: 00:02:09

Health: -1/28      AC:  3    Str: 12    XL:     3   Next: 7%
Magic:  0/6        EV: 11    Int: 14    God:
Gold:   53         SH:  0    Dex: 13    Spells: 1 memorised, 5 levels left

rFire  . . .     SeeInvis +     a - +0 falchion
rCold  . . .     Clarity  .     b - +0 leather armour
rNeg   . . .     SustAb   .     (no shield)
rPois  .         Gourm    .     (no helmet)
rElec  .         Spirit   +     (no cloak)
rCorr  .         Warding  .     (no gloves)
rMut   .         Stasis   .     (no boots)
MR     .....                    h - amulet of guardian spirit
Stlth  +.........               (no ring)
                                (no ring)

@: regenerating quickly, not resistant to hostile enchantments, very unstealthy
A: bottle blood, fangs 3, see invisible, unbreathing
a: no special abilities


You were on level 2 of the Dungeon.
You were very full.

You visited 1 branch of the dungeon, and saw 2 of its levels.

You collected 53 gold pieces.

Inventory:

Hand weapons
 a - a +0 falchion (weapon)
Armour
 b - a +0 leather armour (worn)
Jewellery
 h - an amulet of guardian spirit (around neck)
Scrolls
 d - a scroll of blinking {unknown}
 e - a scroll of enchant weapon {unknown}
 g - a scroll of remove curse {unknown}
 i - a scroll of fog {unknown}
Potions
 f - a potion of heal wounds {unknown}
Books
 c - a book of Battle

   Spells                             Type                      Level
   a - Infusion                       Charms                       1
   b - Shroud of Golubria             Charms/Translocation         2
   c - Song of Slaying                Charms                       2
   d - Spectral Weapon                Hexes/Charms                 3
   e - Regeneration                   Charms/Necromancy            3


   Skills:
 + Level 2.4 Fighting
 * Level 3.0 Long Blades
 - Level 0.7 Armour
 - Level 1.1 Dodging
 - Level 2.0 Spellcasting
 - Level 3.2 Charms


You had 5 spell levels left.
You knew the following spells:

 Your Spells              Type           Power        Failure   Level  Hunger
a - Infusion              Chrm           ##....       10%         1    ##.....


Dungeon Overview and Level Annotations

Branches:
Dungeon (2/15)

Altars:
The Shining One

Annotations:
D:2 Crazy Yiuf


Innate Abilities, Weirdness & Mutations

Your natural rate of healing is unusually fast.
You can bottle blood from corpses.
You have razor-sharp teeth.
You have supernaturally acute eyesight.
You can survive without breathing.


Message History

Things that are here:
a club; a goblin corpse Drink blood from a goblin corpse? (ye/n/q/i?) This warm blood tastes delicious!
You feel quite a bit more full.
You continue drinking.
You finish drinking.
You now have 53 gold pieces (gained 13).
Key pressed, stopping explore.
Found a hammer.
Crazy Yiuf the Enlightened comes into view.
He is wielding a quarterstaff of chaos.
Crazy Yiuf is nearby!
Crazy Yiuf hits you with a quarterstaff of chaos!
Crazy Yiuf burns you.
You barely miss Crazy Yiuf.
Crazy Yiuf hits you with a quarterstaff of chaos!
Crazy Yiuf burns you.
You hit Crazy Yiuf but do no damage. Your bite misses Crazy Yiuf.
Crazy Yiuf yells, "Papa!
Cholesterol mobile broken."
Crazy Yiuf hits you with a quarterstaff of chaos!
You die...

. #.# #.## #.. #####.###
...#....##♣♣♣♣♣
##.#.....#..♣.♣♣♣ ###
..........P..♣..♣#...#
##.#......P.♣♣♣♣@g...#
##.#.....#.♣♣ ♣♣#..)#
...#######♣♣ ### ####
### .# #.# .# #.### ####
# )# #...# .(.##.#
.######...##### .....>.
.##...........###......#


You could see Crazy Yiuf.

Vanquished Creatures
  An adder (D:2)
  A giant gecko (D:1)
  5 bats
  A giant cockroach (D:1)
  3 goblins
  2 hobgoblins (D:1)
  2 kobolds
  A ball python (D:2)
  2 giant newts (D:1)
  2 rats
20 creatures vanquished.

Notes
Turn   | Place    | Note
--------------------------------------------------------------
     0 | D:1      | HungrySpirit, the Vampire Skald, began the quest for the Orb.
     0 | D:1      | Reached XP level 1. HP: 16/16 MP: 3/3
   146 | D:1      | Reached XP level 2. HP: 19/22 MP: 4/4
   176 | D:1      | Found a glowing golden altar of the Shining One.
   746 | D:2      | Reached XP level 3. HP: 25/28 MP: 6/6
   828 | D:2      | Noticed Crazy Yiuf
   832 | D:2      | Slain by Crazy Yiuf

Action                   || total
-------------------------++-------
Melee: Falchion          ||    56
  Use: Potion            ||     2
  Eat: Corpse            ||     6
